TOP OF THE 1ST |
New Hampshire Fisher Cats batting - Pitching for Santa Fe Diablos : RHP Honorato Mota
|
Pitching: RHP Honorato Mota
|
|
Batting: RHB Lu-fang Huie
|
0-0: Called Strike 0-1: Ball 1-1: Foul Ball, location: 2F 1-2: Foul Ball, location: 2F 1-2: Ball 2-2: Ball 3-2: Foul Ball, location: 2F 3-2: Foul Ball, location: 2F 3-2: SINGLE (Groundball, 15S) (infield hit)
|
Batting: RHB Anthony Hezell
|
0-0: Fly out, F3 (Popup, 23F)
|
Batting: LHB Sam Barnes
|
0-0: Ball 1-0: Ball 2-0: Called Strike Lu-fang Huie steals 2nd base 2-1: Called Strike 2-2: Foul Ball, location: 2F 2-2: Foul Ball, location: 2F 2-2: 2-RUN HOME RUN (Flyball, 9D), Distance : 450 ft
|
Batting: RHB Roberto Peña
|
0-0: Ball 1-0: Called Strike 1-1: Foul Ball, location: 2F 1-2: Strikes out swinging
|
Batting: RHB Jim Tracy
|
0-0: Called Strike 0-1: Called Strike 0-2: Ball 1-2: Ball 2-2: Foul Ball, location: 2F 2-2: Strikes out swinging
|
Top of the 1st over - 2 run(s), 2 hit(s), 0 error(s), 0 left on base; New Hampshire 2 - Santa Fe 0 |
BOTTOM OF THE 1ST |
Santa Fe Diablos batting - Pitching for New Hampshire Fisher Cats : RHP Felipe Valdomar
|
Pitching: RHP Felipe Valdomar
|
|
Batting: RHB Henning Huisman
|
0-0: Ball 1-0: Swinging Strike 1-1: Ball 2-1: Ball 3-1: Base on Balls
|
Batting: RHB Robert Johnson
|
0-0: Called Strike 0-1: Ball Throwing error on steal attempt, E2 Henning Huisman to third 1-1: Swinging Strike 1-2: Ball 2-2: SINGLE (Line Drive, 8RS) Henning Huisman scores
|
Batting: RHB Randy Sheppard
|
0-0: Foul Ball, location: 2F 0-1: Foul Ball, location: 2F 0-2: Ball 1-2: Ball 2-2: Ball 3-2: Base on Balls Robert Johnson to second
|
Batting: SHB António Hernández
|
0-0: Ball 1-0: SINGLE (Groundball, 4MD) Robert Johnson to third Randy Sheppard to second
|
Batting: LHB Roberto Sandoval
|
0-0: Called Strike 0-1: Ball 1-1: Swinging Strike 1-2: Strikes out swinging
|
Batting: RHB Wallace Greene
|
0-0: Called Strike 0-1: Ball 1-1: SINGLE (Line Drive, 4D) Robert Johnson scores Randy Sheppard to third António Hernández to second Runner from 3rd tries for Home, SAFE, no throw or cutoff
|
Batting: RHB Arnold Harmon
|
0-0: Ball 1-0: Ball 2-0: Foul Ball, location: 2F 2-1: Ball 3-1: Called Strike 3-2: Base on Balls António Hernández to third Wallace Greene to second
|
Batting: LHB Don Soper
|
0-0: Ball 1-0: Called Strike 1-1: Swinging Strike 1-2: Ball 2-2: Ball 3-2: Foul Ball, location: 2F 3-2: Base on Balls António Hernández scores Wallace Greene to third Arnold Harmon to second
|
Batting: RHB Keith Jones
|
0-0: Ball 1-0: Foul Ball, location: 2F 1-1: Swinging Strike 1-2: SINGLE (Line Drive, 78S) Wallace Greene scores Arnold Harmon to third Don Soper to second Runner from 3rd tries for Home, SAFE, no throw or cutoff
|
Batting: RHB Henning Huisman
|
0-0: Ball 1-0: Called Strike 1-1: Called Strike 1-2: Ball 2-2: Grounds into double play, 6-4-3 (Groundball, 6)
|
Bottom of the 1st over - 6 run(s), 4 hit(s), 1 error(s), 1 left on base; New Hampshire 2 - Santa Fe 6 |
TOP OF THE 2ND |
New Hampshire Fisher Cats batting - Pitching for Santa Fe Diablos : RHP Honorato Mota
|
Batting: RHB Matt Silver
|
0-0: Ground out 2-3 (Groundball, 2R)
|
Batting: RHB Phil Matthews
|
0-0: Ball 1-0: Called Strike 1-1: TRIPLE (Line Drive, 7LM)
|
Batting: RHB José Hernández
|
0-0: Ball 1-0: Ball 2-0: Called Strike 2-1: Swinging Strike 2-2: Strikes out looking
|
Batting: RHB Brad French
|
0-0: Ball 1-0: Ball 2-0: Called Strike 2-1: Swinging Strike 2-2: Strikes out swinging
|
Top of the 2nd over - 0 run(s), 1 hit(s), 0 error(s), 1 left on base; New Hampshire 2 - Santa Fe 6 |
BOTTOM OF THE 2ND |
Santa Fe Diablos batting - Pitching for New Hampshire Fisher Cats : RHP Felipe Valdomar
|
Batting: RHB Robert Johnson
|
0-0: Fly out, F9 (Flyball, 89M)
|
Batting: RHB Randy Sheppard
|
0-0: Fly out, F8 (Flyball, 8LM)
|
Batting: SHB António Hernández
|
0-0: Called Strike 0-1: Called Strike 0-2: Foul Ball, location: 2F 0-2: Ball 1-2: Ground out 1-3 (Groundball, 13S)
|
Bottom of the 2nd over - 0 run(s), 0 hit(s), 0 error(s), 0 left on base; New Hampshire 2 - Santa Fe 6 |
TOP OF THE 3RD |
New Hampshire Fisher Cats batting - Pitching for Santa Fe Diablos : RHP Honorato Mota
|
Batting: RHB Lu-fang Huie
|
0-0: Called Strike 0-1: Called Strike 0-2: Ball 1-2: Strikes out swinging
|
Batting: RHB Anthony Hezell
|
0-0: Ball 1-0: Called Strike 1-1: Ground out 6-3 (Groundball, 6)
|
Batting: LHB Sam Barnes
|
0-0: Ground out 4-3 (Groundball, 4)
|
Top of the 3rd over - 0 run(s), 0 hit(s), 0 error(s), 0 left on base; New Hampshire 2 - Santa Fe 6 |
BOTTOM OF THE 3RD |
Santa Fe Diablos batting - Pitching for New Hampshire Fisher Cats : RHP Felipe Valdomar
|
Batting: LHB Roberto Sandoval
|
0-0: SINGLE (Groundball, 34D)
|
Batting: RHB Wallace Greene
|
0-0: Called Strike 0-1: Called Strike 0-2: Foul Ball, location: 2F 0-2: Ball 1-2: Foul Ball, location: 2F 1-2: Foul Ball, location: 2F 1-2: Foul Ball, location: 2F 1-2: Ball 2-2: SINGLE (Groundball, 15S) (infield hit) Roberto Sandoval to second
|
Batting: RHB Arnold Harmon
|
0-0: Ball 1-0: Grounds into double play, 4-6-3 (Groundball, 4) Roberto Sandoval to third
|
Batting: LHB Don Soper
|
0-0: Ball 1-0: Ground out 4-3 (Groundball, 34)
|
Bottom of the 3rd over - 0 run(s), 2 hit(s), 0 error(s), 1 left on base; New Hampshire 2 - Santa Fe 6 |
TOP OF THE 4TH |
New Hampshire Fisher Cats batting - Pitching for Santa Fe Diablos : RHP Honorato Mota
|
Batting: RHB Roberto Peña
|
0-0: Ball 1-0: Called Strike 1-1: Ball 2-1: Called Strike 2-2: Strikes out looking
|
Batting: RHB Jim Tracy
|
0-0: Swinging Strike 0-1: Ball 1-1: Foul Ball, location: 2F 1-2: Foul Ball, location: 2F 1-2: Ball 2-2: Fly out, F6 (Popup, 56)
|
Batting: RHB Matt Silver
|
0-0: Foul Ball, location: 2F 0-1: Ball 1-1: Ball 2-1: Fly out, F9 (Flyball, 89M)
|
Top of the 4th over - 0 run(s), 0 hit(s), 0 error(s), 0 left on base; New Hampshire 2 - Santa Fe 6 |
BOTTOM OF THE 4TH |
Santa Fe Diablos batting - Pitching for New Hampshire Fisher Cats : RHP Felipe Valdomar
|
Batting: RHB Keith Jones
|
0-0: Swinging Strike 0-1: Foul Ball, location: 2F 0-2: Strikes out swinging
|
Batting: RHB Henning Huisman
|
0-0: Ball 1-0: Called Strike 1-1: Ball 2-1: Called Strike 2-2: Foul Ball, location: 2F 2-2: Foul Ball, location: 2F 2-2: Foul Ball, location: 2F 2-2: Strikes out swinging
|
Batting: RHB Robert Johnson
|
0-0: Called Strike 0-1: Ball 1-1: Called Strike 1-2: Ball 2-2: Ball 3-2: Base on Balls
|
Batting: RHB Randy Sheppard
|
0-0: Fly out, F8 (Flyball, 8RS)
|
Bottom of the 4th over - 0 run(s), 0 hit(s), 0 error(s), 1 left on base; New Hampshire 2 - Santa Fe 6 |
TOP OF THE 5TH |
New Hampshire Fisher Cats batting - Pitching for Santa Fe Diablos : RHP Honorato Mota
|
Batting: RHB Phil Matthews
|
0-0: Fly out, F6 (Line Drive, 6MD)
|
Batting: RHB José Hernández
|
0-0: Called Strike 0-1: Fly out, F9 (Flyball, 9M)
|
Batting: RHB Brad French
|
0-0: Called Strike 0-1: Ball 1-1: Swinging Strike 1-2: Ball 2-2: Strikes out swinging
|
Top of the 5th over - 0 run(s), 0 hit(s), 0 error(s), 0 left on base; New Hampshire 2 - Santa Fe 6 |
BOTTOM OF THE 5TH |
Santa Fe Diablos batting - Pitching for New Hampshire Fisher Cats : RHP Felipe Valdomar
|
Batting: SHB António Hernández
|
0-0: Ground out 6-3 (Groundball, 6)
|
Batting: LHB Roberto Sandoval
|
0-0: SINGLE (Groundball, 6MD)
|
Batting: RHB Wallace Greene
|
0-0: Ball 1-0: Ball 2-0: Ball 3-0: Base on Balls Roberto Sandoval to second
|
Batting: RHB Arnold Harmon
|
0-0: SINGLE (Groundball, 56D) Roberto Sandoval to third Wallace Greene to second Runner from 3rd tries for Home, SAFE, no throw or cutoff
|
Batting: LHB Don Soper
|
0-0: Called Strike 0-1: Swinging Strike 0-2: Ball 1-2: Strikes out swinging
|
Pitching: LHP Juan Arce
|
|
Batting: RHB Keith Jones
|
0-0: Foul Ball, location: 2F 0-1: Ball 1-1: Ball 2-1: Swinging Strike 2-2: Strikes out swinging
|
Bottom of the 5th over - 1 run(s), 2 hit(s), 0 error(s), 2 left on base; New Hampshire 2 - Santa Fe 7 |
TOP OF THE 6TH |
New Hampshire Fisher Cats batting - Pitching for Santa Fe Diablos : RHP Honorato Mota
|
Batting: RHB Lu-fang Huie
|
0-0: Ball 1-0: SOLO HOME RUN (Flyball, 78D), Distance : 416 ft
|
Batting: RHB Anthony Hezell
|
0-0: Ball 1-0: Ground out 6-3 (Groundball, 6)
|
Batting: LHB Sam Barnes
|
0-0: Ball 1-0: Fly out, F7 (Flyball, 7D)
|
Batting: RHB Roberto Peña
|
0-0: Ball 1-0: Ball 2-0: Ball 3-0: Called Strike 3-1: Foul Ball, location: 2F 3-2: Foul Ball, location: 2F 3-2: Strikes out swinging
|
Top of the 6th over - 1 run(s), 1 hit(s), 0 error(s), 0 left on base; New Hampshire 3 - Santa Fe 7 |
BOTTOM OF THE 6TH |
Santa Fe Diablos batting - Pitching for New Hampshire Fisher Cats : LHP Juan Arce
|
Batting: RHB Henning Huisman
|
0-0: Called Strike 0-1: Called Strike 0-2: Ground out 5-3 (Groundball, 5)
|
Batting: RHB Robert Johnson
|
0-0: Called Strike 0-1: Ground out 4-3 (Groundball, 4)
|
Batting: RHB Randy Sheppard
|
0-0: Ball 1-0: Ground out 6-3 (Groundball, 6)
|
Bottom of the 6th over - 0 run(s), 0 hit(s), 0 error(s), 0 left on base; New Hampshire 3 - Santa Fe 7 |
TOP OF THE 7TH |
New Hampshire Fisher Cats batting - Pitching for Santa Fe Diablos : RHP Honorato Mota
|
Batting: RHB Jim Tracy
|
0-0: Ball 1-0: Called Strike 1-1: Ball 2-1: SINGLE (Flyball, 89S)
|
Batting: RHB Matt Silver
|
0-0: Foul Ball, location: 2F 0-1: Foul Ball, location: 2F 0-2: Ball 1-2: Grounds into double play, 6-4-3 (Groundball, 6)
|
Batting: RHB Phil Matthews
|
0-0: Ball 1-0: Fly out, F8 (Flyball, 8LM)
|
Top of the 7th over - 0 run(s), 1 hit(s), 0 error(s), 0 left on base; New Hampshire 3 - Santa Fe 7 |
BOTTOM OF THE 7TH |
Santa Fe Diablos batting - Pitching for New Hampshire Fisher Cats : LHP Juan Arce
|
Batting: SHB António Hernández
|
0-0: Called Strike 0-1: Ball 1-1: Ball 2-1: Foul Ball, location: 2F 2-2: Ball 3-2: Fly out, F8 (Flyball, 8LM)
|
Batting: LHB Roberto Sandoval
|
0-0: Called Strike 0-1: Foul Ball, location: 2F 0-2: Strikes out swinging
|
Batting: RHB Wallace Greene
|
0-0: Swinging Strike 0-1: Foul Ball, location: 2F 0-2: Ball 1-2: Strikes out swinging
|
Bottom of the 7th over - 0 run(s), 0 hit(s), 0 error(s), 0 left on base; New Hampshire 3 - Santa Fe 7 |
TOP OF THE 8TH |
New Hampshire Fisher Cats batting - Pitching for Santa Fe Diablos : RHP Honorato Mota
|
Pitching: RHP Clarence Allen
|
|
Batting: RHB José Hernández
|
0-0: Ground out 3-1 (Groundball, 34)
|
Batting: RHB Brad French
|
0-0: Ball 1-0: Foul Ball, location: 2F 1-1: Called Strike 1-2: Ball 2-2: Foul Ball, location: 2F 2-2: Fly out, F9 (Line Drive, 9S)
|
Batting: RHB Lu-fang Huie
|
0-0: Called Strike 0-1: SINGLE (Groundball, 6MD)
|
Batting: RHB Anthony Hezell
|
0-0: Ball 1-0: Ball 2-0: Ball 3-0: Called Strike 3-1: Fly out, F3 (Line Drive, 3)
|
Top of the 8th over - 0 run(s), 1 hit(s), 0 error(s), 1 left on base; New Hampshire 3 - Santa Fe 7 |
BOTTOM OF THE 8TH |
Santa Fe Diablos batting - Pitching for New Hampshire Fisher Cats : LHP Juan Arce
|
Pitching: LHP Roberto Ontiveros
|
|
Batting: RHB Arnold Harmon
|
0-0: SINGLE (Groundball, 34)
|
Batting: LHB Don Soper
|
0-0: Ball 1-0: Ball 2-0: Called Strike 2-1: Grounds into double play, 6-4-3 (Groundball, 6)
|
Batting: RHB Keith Jones
|
0-0: Swinging Strike 0-1: Ball 1-1: Ball 2-1: SINGLE (Line Drive, 56D)
|
Batting: RHB Henning Huisman
|
0-0: Ball 1-0: DOUBLE (Line Drive, 5L) Keith Jones to third Runner from 3rd tries for Home, SAFE, no throw or cutoff
|
Batting: RHB Robert Johnson
|
0-0: Ball 1-0: Ball 2-0: Ball 3-0: Called Strike 3-1: Base on Balls
|
Batting: RHB Randy Sheppard
|
0-0: Ball 1-0: Called Strike 1-1: Foul Ball, location: 2F 1-2: Fly out, F3 (Popup, 34)
|
Bottom of the 8th over - 1 run(s), 3 hit(s), 0 error(s), 2 left on base; New Hampshire 3 - Santa Fe 8 |
TOP OF THE 9TH |
New Hampshire Fisher Cats batting - Pitching for Santa Fe Diablos : RHP Clarence Allen
|
Now at C: Michael Anderson
|
|
Now at SS: Jorge Rodríguez
|
|
Batting: LHB Sam Barnes
|
0-0: SOLO HOME RUN (Flyball, 8RXD), Distance : 411 ft
|
Batting: RHB Roberto Peña
|
0-0: Ball 1-0: Called Strike 1-1: Swinging Strike 1-2: Strikes out swinging, 2-3 out at first.
|
Batting: RHB Jim Tracy
|
0-0: Ball 1-0: Called Strike 1-1: Foul Ball, location: 2F 1-2: Foul Ball, location: 2F 1-2: Foul Ball, location: 2F 1-2: Foul Ball, location: 2F 1-2: Foul Ball, location: 2F 1-2: Foul Ball, location: 2F 1-2: Ball 2-2: Ball 3-2: Fly out, F8 (Flyball, 8RS)
|
Batting: RHB Matt Silver
|
0-0: SINGLE (Line Drive, 7S)
|
Batting: RHB Phil Matthews
|
0-0: Ball 1-0: Called Strike 1-1: Ball 2-1: Called Strike 2-2: Foul Ball, location: 2F 2-2: Fly out, F5 (Popup, 5)
|
Top of the 9th over - 1 run(s), 2 hit(s), 0 error(s), 1 left on base; New Hampshire 4 - Santa Fe 8 |
|